 Dungeon Crawl Stone Soup version 0.28.0-49-g6dfe1f597d (webtiles) character file.

Game seed: 7297867909989995968

2891 mortz the Conjurer (level 9, -2/67 HPs)
             Began as a Demigod Conjurer on May 17, 2022.
             Asphyxiated
             ... on level 7 of the Dungeon.
             The game lasted 00:30:29 (8721 turns).

mortz the Conjurer (Demigod Conjurer)               Turns: 8721, Time: 00:30:30

Health: -2/67      AC:  5    Str:  8    XL:     9   Next: 24%
Magic:  9/22       EV: 16    Int: 32    God:
Gold:   437        SH:  0    Dex: 12    Spells: 12/20 levels left

rFire   . . .      SeeInvis .   v - +5 dagger (venom) {short}
rCold   . . .      Faith    .   (no shield)
rNeg    . . .      Spirit   .   J - +0 leather armour
rPois   .          Reflect  .   (no helmet)
rElec   .          Harm     .   I - +0 cloak
rCorr   .          Rampage  .   (no gloves)
Will    +....                   u - +0 pair of boots
Stlth   ++........              (no amulet)
HPRegen 0.21/turn               r - ring of willpower
MPRegen 0.18/turn               L - +4 ring of evasion

@: lethally poisoned (-2 -> -20), slowed, very slow
A: high MP 1, forlorn, divine attributes
a: no special abilities


You were on level 7 of the Dungeon.
You visited 1 branch of the dungeon, and saw 7 of its levels.

You collected 437 gold pieces.


Innate Abilities, Weirdness & Mutations

You have an increased reservoir of magic. (+10% MP)
You shall have no god before yourself.
Your divine heritage dramatically boosts your attributes as you level up.


   Skills:
 + Level 2.0 Fighting
 + Level 2.0 Short Blades
 + Level 2.3 Armour
 + Level 2.9 Dodging
 + Level 3.6 Stealth
 + Level 6.3 Spellcasting
 + Level 7.4 Conjurations
 * Level 5.0 Translocations


You had 12 spell levels left.
You knew the following spells:

 Your Spells              Type           Power      Damage    Failure   Level
a - Magic Dart            Conj           100%       1d8       1%          1
b - Searing Ray           Conj           100%       2d8       1%          2
c - Apportation           Tloc           84%        N/A       1%          1
d - Iskenderun's Mystic   Conj/Tloc      49%        2d11      4%          4

Your spell library contained the following spells:

 Spells                   Type           Power      Damage    Failure   Level
 Dazzling Flash           Conj/Hex       66%        N/A       4%          3
 Animate Skeleton         Necr           20%        N/A       6%          1
 Summon Small Mammal      Summ           40%        N/A       6%          1
 Sublimation of Blood     Necr           10%        N/A       10%         2
 Fulminant Prism          Conj/Hex       16%        3d11      14%         4
 Inner Flame              Hex/Fire       10%        N/A       19%         3
 Irradiate                Conj/Tmut      16%        3d18      36%         5
 Cause Fear               Hex            5%         N/A       54%         4
 Petrify                  Tmut/Erth      10%        N/A       54%         4
 Discord                  Hex            5%         N/A       100%        8

Inventory:

Hand Weapons
 c - a +0 short sword {short}
   (You took it off a kobold on level 1 of the Dungeon)
 f - a +2 dagger of venom {short}
   (You took it off a goblin on level 1 of the Dungeon)
 i - a +0 hand axe {axe}
   (You found it on level 1 of the Dungeon)
 o - a +1 dagger of speed {short}
   (You found it on level 2 of the Dungeon)
 v - a +5 dagger of venom (weapon) {short}
   (You took it off a goblin on level 3 of the Dungeon)
 x - a +1 flail of venom {mace}
   (You took it off an orc on level 3 of the Dungeon)
 B - a +2 short sword of flaming {short}
   (You took it off an orc on level 4 of the Dungeon)
 G - a +0 hand axe of freezing {axe}
   (You took it off an orc priest on level 5 of the Dungeon)
Missiles
 j - 2 atropa-tipped darts {throwing}
 n - 12 poisoned darts {throwing}
 t - 4 boomerangs {throwing}
Armour
 a - a +0 robe
 u - a +0 pair of boots (worn)
   (You found it on level 2 of the Dungeon)
 H - a +1 chain mail of fire resistance
   (You took it off an orc warrior on level 5 of the Dungeon)
 I - a +0 cloak (worn)
   (You found it on level 6 of the Dungeon)
 J - a +0 leather armour (worn)
   (You found it on level 6 of the Dungeon)
Magical Staves
 h - a staff of earth {!astaff}
   (You found it on level 1 of the Dungeon)
 l - a staff of fire {!astaff}
   (You found it on level 1 of the Dungeon)
 M - a staff of air {!astaff}
   (You found it on level 6 of the Dungeon)
Jewellery
 r - a ring of willpower (left hand)
   (You found it on level 2 of the Dungeon)
 A - a ring of fire
   (You found it on level 4 of the Dungeon)
 E - a +6 ring of strength
   (You found it on level 4 of the Dungeon)
 L - a +4 ring of evasion (right hand)
   (You found it on level 6 of the Dungeon)
 Q - a +6 ring of intelligence
   (You found it on level 7 of the Dungeon)
Wands
 z - a wand of iceblast (6)
   (You found it on level 4 of the Dungeon)
 N - a wand of charming (8)
   (You took it off an orc priest on level 7 of the Dungeon)
Scrolls
 e - 2 scrolls of enchant weapon
 k - a scroll of vulnerability {unknown}
 q - a scroll of fog
 w - a scroll of silence {unknown}
 y - 2 scrolls of noise {unknown}
 C - 2 scrolls of fear {unknown}
 D - 2 scrolls of teleportation {unknown}
 P - a scroll of summoning {unknown}
Potions
 b - 2 potions of flight
 d - a potion of attraction {!q}
 g - a potion of resistance
 m - a potion of heal wounds {unknown}
 p - 3 potions of curing {@q1}
 s - a potion of mutation {unknown}
 F - 2 potions of might
 K - a potion of invisibility {unknown}
 O - a potion of brilliance {unknown}

Dungeon Overview and Level Annotations

Branches:
Dungeon (7/15)             Temple (0/1) D:6

Shops:
D:6 (   D:7 *

Annotations:
D:3 1 runed translucent door, Crazy Yiuf

...#......................#######
......##..........#...##........#
..#.........##...##.####..#####..
#..#............##.(####..#######
##.#........#...#.....#......§§KK
.#.#.........................§§§.
..........................†...§§.
##.#................K............
.#.............<@.K3.K...........
.............#...................
#.#...............#..K...........
#.#.................##.##........
#.#....................5.#..####.
#.##........#.#...............
#.##............#.............
#.#..........#..#.......... ##
...............##.........


You could see a kobold demonologist, a neqoxec (summoned), 2 kobold brigands, a
white imp and a kobold.


Message History

Confirm with . or Enter, or press ? or * to list all spells.
You erupt in a blast of force!
The mystic blast hits the kobold brigand.
The kobold brigand is knocked back by the mystic blast.
The mystic blast hits the kobold brigand!
You kill the kobold brigand!
The howler monkey howls!
You feel very sick.
The howler monkey hoots and howls with incredible vigour!
The kobold demonologist casts a cantrip, but nothing happens.
Your Short Blades skill increases to level 2! 😨 HP[-5] MP[-4]
You take 5 damage, and now have 33/67 hp.
You lost 4 mp, and now have 12/22 mp.
You feel very sick. 😨 HP[-4] MP[+1]
You take 4 damage, and now have 29/67 hp.
You feel sick. 😨 HP[-2]
You take 2 damage, and now have 27/67 hp.
You feel better.
The kobold brigand throws a curare-tipped dart.
The curare-tipped dart barely misses you. 😮 HP[+9]
You regained 9 hp, and now have 36/67 hp.
The kobold demonologist casts a spell. 😮 MP[+1]
The howler monkey hoots and howls with incredible vigour!
You hear a shout!
The smoke demon roars!
The kobold throws a stone.
The stone hits you but does no damage. 😮 HP[+1]
Casting: Iskenderun's Mystic Blast (dangerous; 4% risk of failure)
Confirm with . or Enter, or press ? or * to list all spells.
You erupt in a blast of force!
The mystic blast hits the howler monkey!
The howler monkey is knocked back by the mystic blast.
The howler monkey collides with the smoke demon!
You kill the howler monkey!
The mystic blast hits the kobold demonologist!
The kobold demonologist is knocked back by the mystic blast.
The kobold demonologist collides with the smoke demon!
A kobold brigand comes into view. It is wielding a +0 dagger.
Your Translocations skill increases to level 5! 😮 MP[-4]
You lost 4 mp, and now have 10/22 mp.
Casting: Iskenderun's Mystic Blast (dangerous; 4% risk of failure)
Confirm with . or Enter, or press ? or * to list all spells.
You erupt in a blast of force!
The mystic blast hits the smoke demon!
The smoke demon is knocked back by the mystic blast.
The mystic blast hits the kobold brigand.
The kobold brigand is knocked back by the mystic blast.
The mystic blast hits the kobold demonologist!
The kobold demonologist is knocked back by the mystic blast.
The kobold throws a stone.
The stone barely misses you. 😮 MP[-3]
You lost 3 mp, and now have 7/22 mp.
The kobold brigand unwields a +0 dagger.
The kobold brigand wields a +0 hand crossbow.
The kobold brigand shoots a bolt.
The bolt closely misses you.
The kobold brigand throws a curare-tipped dart.
The curare-tipped dart barely misses you. 😮 HP[+1]
The kobold demonologist begins to cast a cantrip, but forgets the words!
The smoke demon gestures at you. The ball of steam misses you.
You are engulfed in a cloud of scalding steam.
* * * LOW HITPOINT WARNING * * *
😨 HP[-6] MP[+1]
You take 6 damage, and now have 32/67 hp.
The kobold brigand is engulfed in a cloud of scalding steam.
The smoke demon gestures at you. Something smites you!
* * * LOW HITPOINT WARNING * * *
The kobold demonologist is engulfed in a cloud of scalding steam.
The kobold demonologist looks braver for a moment.
A white imp comes into view.
The kobold brigand throws a curare-tipped dart.
The curare-tipped dart completely misses you.
The kobold brigand is engulfed in a cloud of scalding steam. 😨 HP[-9]
You take 9 damage, and now have 23/67 hp.
The white imp shouts!
The white imp shouts, "Turn tail, thou bootless beetle-headed yak-dropping!"
A white imp comes into view.
The kobold demonologist gestures wildly while chanting.
The kobold demonologist casts a cantrip, but nothing happens.
The neqoxec is engulfed in a cloud of scalding steam.
The smoke demon disappears in a puff of smoke!
The kobold brigand shoots a bolt.
The bolt hits you!
* * * LOW HITPOINT WARNING * * *
The kobold demonologist looks satisfied for a moment. 😱 HP[-13] MP[+1]
You take 13 damage, and now have 10/67 hp.
The kobold brigand shoots a bolt.
The bolt closely misses you.
The kobold brigand throws a curare-tipped dart.
The curare-tipped dart hits you.
You are lethally poisoned!
You have difficulty breathing.
You die...

Skill      XL: |  1  2  3  4  5  6  7  8  9 |
---------------+----------------------------+-----
Conjurations   | 4 5 6 7 |  7.4
Stealth        | 2 3 |  3.6
Spellcasting   | 2 3 4 5 6 |  6.3
Dodging        | 2 |  2.9
Translocations | 1 2 3 4 5 |  5.0
Fighting       | 1 2 |  2.0
Short Blades   | 1 2 |  2.0
Armour         | 1 2 |  2.3

Action                   |  1- 3 |  4- 6 |  7- 9 || total
-------------------------+-------+-------+-------++-------
Melee: Dagger            |    15 |     3 |    41 ||    59
 Cast: Magic Dart        |    38 |    77 |    54 ||   169
       Searing Ray       |    18 |    30 |    38 ||    86
       Iskenderun's Myst |       |       |     5 ||     5
  Use: Scroll            |     2 |     1 |     4 ||     7
       Potion            |       |       |     1 ||     1
 Stab: Sleeping          |     1 |       |       ||     1
Armor: Robe              |     3 |       |     2 ||     5
       Leather armour    |       |       |     7 ||     7
Dodge: Dodged            |    17 |     7 |    39 ||    63

Levels and vault maps discovered:
D:1:      onia_arrival_pyramid, layout_basic, minmay_distorted
D:2:      layout_loops_corners, glass_columns_b
D:3:      layout_basic, cheibrodos_ashenzari_chains, grunt_decor_arrowhead,
          uniq_crazy_yiuf_cottage
D:4:      layout_cave_pools, lemuel_tele_altar, grunt_ministairs_6
D:5:      layout_basic, mainiacjoe_overflow_chevrons, minmay_misc_feat_square,
          st_stairs_5
D:6:      layout_basic, lemuel_coloured_pillars_altar,
          minmay_temple_entry_glassed_door, serial_shops, nicolae_diamond_shop,
          kennysheep_crisscross, minmay_gold_behind_fungi
D:7:      layout_rooms, serial_shops, nicolae_stop_n_shop_2,
          kennysheep_generic_room_4, uniq_prince_ribbit1

Notes
Turn   | Place    | Note
-------+----------+-------------------------------------------
     0 | D:1      | mortz the Demigod Conjurer began the quest for the Orb.
     0 | D:1      | Reached XP level 1. HP: 14/14 MP: 5/5
     0 | D:1      | magus.rc [v1.9.6]
   584 | D:1      | Reached skill level 4 in Conjurations
   584 | D:1      | Reached XP level 2. HP: 20/20 MP: 5/7
   587 | D:1      | Learned a level 2 spell: Searing Ray
  1114 | D:1      | You pick up a book of Hexes and begin reading...
  1114 | D:1      | You add the spells Inner Flame, Cause Fear and Discord to
                  | your library.
  1229 | D:1      | Reached skill level 2 in Stealth
  1613 | D:2      | Reached skill level 2 in Spellcasting
  1628 | D:2      | Reached XP level 3. HP: 26/26 MP: 8/8
  1654 | D:2      | Reached skill level 2 in Dodging
  2579 | D:3      | Reached XP level 4. HP: 32/33 MP: 1/9
  2893 | D:3      | Reached skill level 1 in Translocations
  3256 | D:3      | Found a runed translucent door.
  3257 | D:3      | Noticed Crazy Yiuf
  3518 | D:3      | Reached skill level 5 in Conjurations
  3518 | D:3      | Reached XP level 5. HP: 23/38 MP: 0/11
  3810 | D:4      | Noticed an ogre
  3815 | D:4      | Killed an ogre
  3816 | D:4      | Reached skill level 2 in Translocations
  3887 | D:4      | You pick up a book of Cantrips and begin reading...
  3887 | D:4      | You add the spells Animate Skeleton, Summon Small Mammal
                  | and Apportation to your library.
  3890 | D:4      | Learned a level 1 spell: Apportation
  4136 | D:4      | Reached skill level 3 in Spellcasting
  4136 | D:4      | Reached XP level 6. HP: 45/45 MP: 5/13
  4408 | D:4      | Reached skill level 3 in Stealth
  4804 | D:5      | Entered Level 5 of the Dungeon
  5237 | D:5      | Reached XP level 7. HP: 19/50 MP: 1/15
  5594 | D:5      | Reached skill level 6 in Conjurations
  5813 | D:5      | Reached skill level 3 in Translocations
  5915 | D:5      | Reached skill level 4 in Spellcasting
  6114 | D:5      | Reached skill level 1 in Fighting
  6536 | D:5      | Learned a level 4 spell: Iskenderun's Mystic Blast
  6648 | D:6      | Reached skill level 1 in Short Blades
  6648 | D:6      | Reached XP level 8. HP: 50/59 MP: 13/18
  6763 | D:6      | Found Daroar's Weapon Boutique.
  6861 | D:6      | Reached skill level 5 in Spellcasting
  6861 | D:6      | Reached skill level 4 in Translocations
  7138 | D:6      | Reached skill level 7 in Conjurations
  7210 | D:6      | Found a staircase to the Ecumenical Temple.
  7380 | D:6      | Reached skill level 1 in Armour
  7832 | D:7      | Found Jeelero's Assorted Antiques.
  8024 | D:7      | You pick up a book of Alchemy and begin reading...
  8024 | D:7      | You add the spells Sublimation of Blood, Petrify and
                  | Irradiate to your library.
  8033 | D:7      | Noticed Prince Ribbit
  8135 | D:7      | Reached XP level 9. HP: 31/67 MP: 12/21
  8221 | D:7      | Reached skill level 6 in Spellcasting
  8232 | D:7      | Killed Prince Ribbit
  8233 | D:7      | Reached skill level 2 in Fighting
  8233 | D:7      | Reached skill level 2 in Armour
  8701 | D:7      | Noticed a kobold demonologist
  8705 | D:7      | Reached skill level 2 in Short Blades
  8711 | D:7      | Noticed a smoke demon
  8713 | D:7      | Reached skill level 5 in Translocations
  8720 | D:7      | HP: 10/67 [kobold brigand/bolt (14)]
  8721 | D:7      | Asphyxiated

Vanquished Creatures
  Prince Ribbit (D:7)
  A wyvern (D:7)
  3 yaks (D:6)
  An ice beast (D:7)
  An orc warrior (D:5)
  A black bear (D:6)
  2 sky beasts
  A necrophage (D:6)
  2 ogres
  2 centaurs (D:5)
  A kobold brigand (D:7)
  A phantom (D:4)
  A bullfrog (D:7)
  A gnoll sergeant (D:5)
  2 scorpions
  A water moccasin skeleton (D:4)
  An electric eel (D:6)
  A howler monkey (D:7)
  2 bullfrog zombies
  2 centaur skeletons (D:7)
  2 orc priests
  A jelly (D:6)
  2 hounds
  2 iguanas
  A bullfrog skeleton (D:6)
  2 orc wizards
  A killer bee zombie (D:6)
  A howler monkey zombie (D:4)
  10 gnolls
  7 adders
  2 white imps
  A worm (D:4)
  An adder skeleton (D:4)
  2 dart slugs (D:1)
  15 orcs
  11 ball pythons
  5 bats
  10 endoplasms
  A giant cockroach (D:4)
  13 goblins
  8 hobgoblins
  5 quokkas
  4 frilled lizards
  7 kobolds
  7 rats
149 creatures vanquished.

Vanquished Creatures (others)
  A fungus (D:6)
  3 toadstools (D:6)
4 creatures vanquished.

Grand Total: 153 creatures vanquished

Table legend:
 A = Non-vault XP
 B = Vault XP
 C = Vault XP percentage of total XP
 D = Non-vault monster count
 E = Vault monster count
 F = Vault count percentage of total count
                 A         B        C        D         E       F
            +---------+---------+-------+---------+---------+-------
      Total |    3638 |     492 |  11.9 |     141 |       8 |   5.4
            +---------+---------+-------+---------+---------+-------
        D:1 |      36 |       4 |  10.0 |      20 |       3 |  13.0
        D:2 |      43 |       0 |   0.0 |      21 |       0 |   0.0
        D:3 |     207 |       0 |   0.0 |      28 |       0 |   0.0
        D:4 |     363 |       3 |   0.8 |      20 |       2 |   9.1
        D:5 |     813 |     176 |  17.8 |      24 |       2 |   7.7
        D:6 |    1205 |       0 |   0.0 |      12 |       0 |   0.0
        D:7 |     971 |     309 |  24.1 |      16 |       1 |   5.9
            +---------+---------+-------+---------+---------+-------

Illustrated notes

Table legend:
 A = Kills in this place as a percentage of kills in entire the game.
 B = Kills by you in this place as a percentage of kills by you in the entire game.
 C = Kills by friends in this place as a percentage of kills by friends in the entire game.
 D = Other kills in this place as a percentage of other kills in the entire game.
 E = Experience gained in this place as a percentage of experience gained in the entire game.
 F = Experience gained in this place divided by the number of levels of this place that you have seen.
                   A       B       C       D       E      F
               +-------+-------+-------+-------+-------+----------------------
         Total | 100.0 | 100.0 |   N/A |   N/A | 100.0 | 590.0
       Dungeon | 100.0 | 100.0 |   N/A |   N/A | 100.0 | 590.0
               +-------+-------+-------+-------+-------+----------------------

Table legend: (Time is in decaauts)
 A = Elapsed time spent in this place.
 B = Non-inter-level travel time spent in this place.
 C = Inter-level travel time spent in this place.
 D = Time resting spent in this place.
 E = Time spent auto-exploring this place.
 F = Levels seen in this place.
 G = Mean time per level.
                   A        B        C        D        E       F      G
               +--------+--------+--------+--------+--------+-----+--------+
         Total |   8725 |   8480 |    245 |     52 |   7426 |   7 | 1246.4 |
       Dungeon |   8725 |   8480 |    245 |     52 |   7426 |   7 | 1246.4 |
               +--------+--------+--------+--------+--------+-----+--------+

Top non-repeatable levels by time:
     D:5: 1777 daAuts
     D:1: 1496 daAuts
     D:6: 1248 daAuts
     D:3: 1234 daAuts
     D:4: 1038 daAuts
     D:2: 1034 daAuts
     D:7: 896 daAuts
